 Dungeon Crawl Stone Soup version 0.27.1 (webtiles) character file.

Game seed: 858229221817441450

16 Descartes the Sneak (level 2, -5/16 HPs)
             Began as a Spriggan Delver on Aug 31, 2021.
             Slain by a kobold brigand (7 damage)
             ... in a sewer.
             The game lasted 00:01:49 (430 turns).

Descartes the Sneak (Spriggan Delver)                Turns: 430, Time: 00:01:50

Health: -5/16      AC:  2    Str:  8    XL:     2   Next: 37%
Magic:  3/3        EV: 18    Int: 11    God:
Gold:   0          SH:  0    Dex: 16    Spells: 1/1 levels left

rFire    . . .     SeeInvis +   a - +0 short sword
rCold    . . .     Faith    .   (shield restricted)
rNeg     . . .     Spirit   .   b - +0 robe
rPois    .         Reflect  .   (helmet restricted)
rElec    .         Harm     .   (no cloak)
rCorr    .         Rampage  .   (gloves unavailable)
Will     .....                  (boots unavailable)
Stlth    ++........             (no amulet)
HPRegen  0.05/turn              (no ring)
MPRegen  0.08/turn              (no ring)

@: slow
A: very small, no large weapons, unfitting armour, see invisible, speed 3
a: no special abilities


You were in a sewer.
You visited 1 branch of the dungeon, and saw 1 of its levels.
You also visited: Sewer.

Inventory:

Hand Weapons
 a - a +0 short sword (weapon)
Missiles
 h - 5 stones (quivered)
Armour
 b - a +0 robe (worn)
Wands
 g - a wand of digging (3)
Scrolls
 c - a scroll of fog
 e - a scroll of fear
Potions
 d - a potion of magic {unknown}
 f - a potion of haste


   Skills:
 - Level 2.4 Fighting
 + Level 2.6 Short Blades
 + Level 3.2 Dodging
 + Level 7.6 Stealth


You had one spell level left.
You didn't know any spells.
Your spell library was empty.

Dungeon Overview and Level Annotations

Branches:
Dungeon (5/15)              Sewer (1/1)
 Temple: D:4-7

Altars:


Innate Abilities, Weirdness & Mutations

You are very small and have problems with some larger weapons.
You are too small for most types of armour.
You have supernaturally acute eyesight. (SInv)
You cover ground extremely quickly. (Speed+++)


Message History

You enter the shallow water.
Moving in this stuff is going to be slow.
The kobold splashes around in the water.
You hit the kobold.
You kill the kobold!
You hear a splash. x2
h - 5 stones
Things that are here:
a +0 short sword; a kobold corpse You see here a ball python corpse.
You enter the shallow water.
Moving in this stuff is going to be slow.
You enter the shallow water.
Moving in this stuff is going to be slow.
You enter the shallow water.
Moving in this stuff is going to be slow.
You enter the shallow water.
Moving in this stuff is going to be slow.
You enter the shallow water.
Moving in this stuff is going to be slow.
You enter the shallow water.
Moving in this stuff is going to be slow.
A kobold and a kobold brigand come into view.
The kobold brigand is wielding a +0 dagger and quivering poisoned darts.
You enter the shallow water.
Moving in this stuff is going to be slow.
The kobold brigand throws a poisoned dart.
The poisoned dart closely misses you.
The kobold shouts!
Your unstable footing causes you to fumble your attack.
Your unstable footing causes you to fumble your attack.
The kobold hits you with a +0 dagger.
* * * LOW HITPOINT WARNING * * *
You hit the kobold but do no damage. The kobold closely misses you.
The kobold brigand splashes around in the water.
You hit the kobold brigand.
The kobold brigand is lightly wounded.
The kobold misses you.
The kobold brigand hits you with a +0 dagger!
You die...

#####
#.#.#
#K#≈#
#≈#K#
#≈#@#
#≈K≈#
#.
##≈##
#≈ #≈#
#.###.#
#≈≈≈≈.#
##≈≈≈##
#≈≈.#
#.≈≈#


You could see a kobold brigand and a kobold.

Vanquished Creatures
  An endoplasm (Sewer)
  5 giant cockroaches (D:5)
  4 ball pythons
  3 kobolds (Sewer)
  2 rats (D:5)
15 creatures vanquished.

Notes
Turn   | Place    | Note
-------+----------+-------------------------------------------
     0 | D:5      | Descartes the Spriggan Delver began the quest for the Orb.
     0 | D:5      | Reached XP level 1. HP: 11/11 MP: 2/2
    80 | D:5      | Found a glowing drain.
    97 | D:5      | Reached XP level 2. HP: 13/16 MP: 3/3
    99 | Sewer    | Entered a sewer
   422 | Sewer    | Noticed a kobold brigand
   430 | Sewer    | Slain by a kobold brigand

Illustrated notes

Levels and vault maps discovered:
D:5:      cheibrodos_barr_body, layout_basic, overflow_temple_1_default,
          nicolae_ossuary_entry_monument, serial_shops, nicolae_shop_waterfront,
          portal_sewer_entry_e, water_maze_lemuel, uniq_menkaure
Sewer:    sewer_co_tree

Skill      XL: |  1 |
---------------+----+-----
Dodging        | 3 |  3.2
Fighting       | |  2.4
Short Blades   | |  2.6
Stealth        | |  7.6

Action                   || total
-------------------------++-------
Melee: Short sword       ||    87
  Use: Scroll            ||     1
 Stab: Sleeping          ||     1
       Distracted        ||     1
Armor: Robe              ||     7
Dodge: Dodged            ||    85
